 Dungeon Crawl Stone Soup version 0.28.0-43-g3370ac3207 (webtiles) character file.

Game seed: 15620114664192511111

149 croobank the Sneak (level 5, -3/21 HPs)
             Began as a Felid Fire Elementalist on Mar 4, 2022.
             Slain by a water moccasin zombie (7 damage)
             ... on level 4 of the Dungeon.
             The game lasted 00:11:07 (3846 turns).

croobank the Sneak (Felid Fire Elementalist)        Turns: 3846, Time: 00:11:09

Health: -3/21      AC:  1    Str:  4    XL:     5   Next: 9%
Magic:  0/10       EV: 19    Int: 19    God:
Gold:   108        SH:  0    Dex: 16    Spells: 2/10 levels left
                                        Lives:  0   Deaths: 1

rFire   . . .      SeeInvis +   (weapon unavailable)
rCold   . . .      Faith    .   (shield unavailable)
rNeg    . . .      Spirit   .   (armour unavailable)
rPois   .          Reflect  .   (helmet unavailable)
rElec   .          Harm     .   (cloak unavailable)
rCorr   .          Rampage  .   (gloves unavailable)
Will    .....                   (boots unavailable)
Stlth   +++.......              (no amulet)
HPRegen 0.07/turn               (no ring)
MPRegen 0.12/turn               (no ring)

@: appendages (expiring), very slightly contaminated, quick
A: horns 2, very small, claws 1, fangs 3, see invisible, speed 1, shaggy fur 1,
stealthy paws, no weapons or thrown items, no armour, multi-lived
a: End Transformation


You were on level 4 of the Dungeon.
You had temporarily grown beastly horns.
You visited 1 branch of the dungeon, and saw 4 of its levels.

You collected 108 gold pieces.

Inventory:

Missiles
 b - 51 arrows
 c - 139 stones
Wands
 l - a wand of paralysis (5)
Scrolls
 a - a scroll of teleportation
 d - a scroll of immolation {unknown}
 f - a scroll of identify
 g - a scroll of magic mapping {unknown}
 h - a scroll of enchant armour {unknown}
 m - a scroll of silence {unknown}
Potions
 e - a potion of might
 i - 3 potions of haste
 j - a potion of berserk rage
 k - a potion of cancellation


   Skills:
 + Level 4.4 Dodging
 + Level 4.6 Stealth
 + Level 3.1 Spellcasting
 + Level 2.5 Conjurations
 + Level 3.6 Fire Magic


You had 2 spell levels left.
You knew the following spells:

 Your Spells              Type           Power      Damage    Failure   Level
a - Foxfire               Conj/Fire      56%        2x1d6     4%          1
b - Scorch                Fire           32%        2d7       4%          2
c - Beastly Appendage     Tmut           4%         N/A       16%         1
d - Flame Wave            Conj/Fire      14%        2d6       38%         4

Your spell library contained the following spells:

 Spells                   Type           Power      Damage    Failure   Level
 Wereblood                Tmut           2%         N/A       22%         2
 Conjure Flame            Conj/Fire      14%        6-21      13%         3
 Inner Flame              Hex/Fire       9%         N/A       22%         3
 Spider Form              Tmut/Pois      2%         N/A       41%         3


Dungeon Overview and Level Annotations

Branches:
Dungeon (4/15)
 Temple: D:4-7

Altars:
Ashenzari
Xom


Innate Abilities, Weirdness & Mutations

You have temporarily grown beastly horns.
You have sharp claws.
You have razor-sharp teeth.
You have supernaturally acute eyesight. (SInv)
You cover ground quickly. (Speed+)
You are covered in fur. (AC +1)
Your paws help you pounce on unaware monsters.
You are incapable of wielding weapons or throwing items.
You cannot wear armour.
You gain extra lives every three experience levels.


Message History

Confirm with . or Enter, or press ? or * to list all spells.
You grow a pair of large bovine horns.
The hound zombie bites you. The hound zombie barely misses you.
You barely miss the hound zombie. You headbutt the hound zombie.
You destroy the hound zombie!
Your transformation is almost over.
Welcome back to level 5!
You start resting.
Your horns disappear.
A water moccasin zombie comes into view.
Casting: Beastly Appendage (safe; 16% risk of failure)
Confirm with . or Enter, or press ? or * to list all spells.
You miscast Beastly Appendage.
You are very lightly contaminated with residual magic.
Nothing appears to happen.
Casting: Beastly Appendage (safe; 16% risk of failure)
Confirm with . or Enter, or press ? or * to list all spells.
You grow a pair of large bovine horns.
You scratch the water moccasin zombie. You headbutt the water moccasin zombie.
The water moccasin zombie is lightly damaged.
Your transformation is almost over.
The water moccasin zombie bites you. The water moccasin zombie bites you!
* * * LOW HITPOINT WARNING * * *
You scratch the water moccasin zombie. You bite the water moccasin zombie.
The water moccasin zombie is moderately damaged.
The water moccasin zombie misses you.
Casting: Beastly Appendage (safe; 16% risk of failure)
Confirm with . or Enter, or press ? or * to list all spells.
You miscast Foxfire.
Nothing appears to happen.
The water moccasin zombie barely misses you.
Casting: Foxfire (safe; 4% risk of failure)
Confirm with . or Enter, or press ? or * to list all spells.
You don't know that spell.
Casting: Foxfire (safe; 4% risk of failure)
Confirm with . or Enter, or press ? or * to list all spells.
Flames lash the water moccasin zombie.
The water moccasin zombie is heavily damaged.
The water moccasin zombie's fire resistance burns away.
The water moccasin zombie bites you!
You die...

### #.### ##...
#... #..# #..#
#..# #..# #.@#
#.Z# #..#
............#
...............
###............
#.#.###......
#.#. ...8.....#
### # #.
..$.....#....#


You could see a water moccasin zombie (combustible).

Vanquished Creatures
  A necrophage (D:4)
  An orc priest (D:3)
  2 orc wizards
  A hound zombie (D:4)
  An adder (D:3)
  2 worms (D:3)
  9 orcs
  9 ball pythons
  5 bats (D:1)
  5 endoplasms
  3 giant cockroaches
  4 goblins
  7 hobgoblins
  4 jackals (D:3)
  2 quokkas
  3 frilled lizards
  7 kobolds
  6 rats
72 creatures vanquished.

Vanquished Creatures (others)
  119 foxfires
  2 withered plants (D:4)
121 creatures vanquished.

Grand Total: 193 creatures vanquished

Notes
Turn   | Place    | Note
-------+----------+-------------------------------------------
     0 | D:1      | croobank the Felid Fire Elementalist began the quest for
                  | the Orb.
     0 | D:1      | Reached XP level 1. HP: 7/7 MP: 4/4
    96 | D:1      | Reached skill level 1 in Conjurations
   165 | D:1      | Found a faded altar of an unknown god.
   318 | D:1      | Reached XP level 2. HP: 10/11 MP: 3/6
   325 | D:1      | Learned a level 2 spell: Scorch
   327 | D:1      | Learned a level 1 spell: Beastly Appendage
   997 | D:1      | Reached XP level 3. HP: 14/14 MP: 5/7
  1543 | D:2      | Found a shimmering altar of Xom.
  1918 | D:2      | You fall into a shaft and drop 2 floors!
  1918 | D:4      | Found a broken altar of Ashenzari.
  2291 | D:3      | Reached XP level 4. HP: 18/18 MP: 3/8
  2952 | D:2      | Learned a level 4 spell: Flame Wave
  3007 | D:3      | Reached XP level 5. HP: 16/21 MP: 2/10
  3420 | D:4      | Noticed a necrophage
  3423 | D:4      | Killed a necrophage
  3817 | D:4      | HP: 1/21 [gnoll/+0 flail (1)]
  3817 | D:4      | Mangled by a gnoll shaman
  3818 | D:4      | Reached XP level 4. HP: -7/18 MP: 1/9
  3831 | D:4      | Reached XP level 5. HP: 15/21 MP: 3/10
  3846 | D:4      | Slain by a water moccasin zombie

Illustrated notes

Levels and vault maps discovered:
D:1:      dpeg_arrival_castle, layout_rooms, chequers_ecumenical_altar_grove,
          corexii_item_surrounded_by_moat, minmay_quantized
D:2:      layout_basic, basic_altar
D:3:      layout_rooms
D:4:      layout_basic, cheibrodos_ashenzari_chains, serial_undead,
          serial_undead_b, serial_undead_d, serial_undead_a, serial_undead_a,
          serial_undead_c, serial_undead_b

Skill      XL: |  1  2  3  4  5 |
---------------+----------------+-----
Conjurations   | 1 2 |  2.5
Stealth        | 3 4 |  4.6
Dodging        | 3 4 |  4.4
Fire Magic     | 3 |  3.6
Spellcasting   | 3 |  3.1

Action                   |  1- 3 |  4- 6 || total
-------------------------+-------+-------++-------
Melee: Unarmed           |    40 |    31 ||    71
       Headbutt          |     5 |     5 ||    10
       Bite              |     3 |     8 ||    11
 Cast: Foxfire           |    48 |    25 ||    73
       Beastly Appendage |     7 |     7 ||    14
       Scorch            |     9 |    21 ||    30
       Flame Wave        |       |     1 ||     1
  Use: Scroll            |       |     4 ||     4
       Potion            |       |     1 ||     1
Armor: Skin              |     3 |       ||     3
Dodge: Dodged            |    48 |    54 ||   102
